 Dungeon Crawl Stone Soup version 0.31.0-32-g396128a36d (webtiles) character file.

Game seed: 6454190587975224401

108 PaiMei the Grave Robber (level 4, 0/32 HPs)
             Began as a Demonspawn Necromancer on Apr 16, 2024.
             Slain by Duvessa
             ... wielding a +0 short sword
              (10 damage)
             ... on level 4 of the Dungeon.
             The game lasted 00:04:07 (3347 turns).

PaiMei the Grave Robber (Demonspawn Necromancer)    Turns: 3347, Time: 00:04:08

Health: 0/32       AC:  3    Str:  9    XL:     4   Next: 58%
Magic:  5/8        EV: 12    Int: 17    God:
Gold:   259        SH:  0    Dex: 13    Spells: 4/8 levels left

rFire   . . .        c - +0 hand axe
rCold   . . .        (no shield)
rNeg    . . .        a - +0 robe
rPois   .            (no helmet)
rElec   .            (no cloak)
rCorr   .            (no gloves)
SInv    +            h - +0 pair of boots
Will    .....        u - amulet of regeneration
Stlth   ++           m - ring of see invisible
HPRegen 1.05/turn    (no ring)
MPRegen 0.11/turn

%: no passive effects
@: no status effects
A: hooves 1, spiny 1
a: no special abilities


You were on level 4 of the Dungeon.
You visited 1 branch of the dungeon, and saw 4 of its levels.

You collected 259 gold pieces.

Inventory:

Hand Weapons
 c - a +0 hand axe (weapon)
Missiles
 o - 5 poisoned darts (quivered)
Armour
 a - a +0 robe (worn)
 h - a +0 pair of boots (worn)
Jewellery
 m - a ring of see invisible (left hand)
 n - the amulet of Elemental Vulnerability {rPois rF-- rC-- AC+8}
   (You found it on level 3 of the Dungeon)

   [amulet of nothing]

   AC+8:      It affects your AC (+8).
   rF--:      It makes you very vulnerable to fire.
   rC--:      It makes you very vulnerable to cold.
   rPois:     It protects you from poison
 q - an amulet of guardian spirit
 u - an amulet of regeneration (around neck)
Scrolls
 d - 2 scrolls of fear {unknown}
 e - 8 scrolls of identify {unknown}
 f - 6 scrolls of teleportation {unknown}
 g - 2 scrolls of fog {unknown}
 j - a scroll of noise {unknown}
 t - a scroll of vulnerability {unknown}
Potions
 b - a potion of magic
 i - a potion of attraction {unknown}
 k - 2 potions of curing {unknown}
 l - 3 potions of heal wounds {unknown}
 p - a potion of might {unknown}
 r - a potion of invisibility {unknown}
 s - a potion of degeneration {unknown}
 v - a potion of lignification {unknown}


   Skills:
 + Level 1.5 Fighting
 + Level 2.6 Dodging
 - Level 2.3 Stealth
 + Level 2.7 Spellcasting
 + Level 5.0 Necromancy


You had 4 spell levels left.
You knew the following spells:

 Your Spells              Type           Power      Damage    Failure   Level
a - Necrotise             Necr           76%        1d7       2%          1
b - Vampiric Draining     Necr           19%        2d7       7%          3

Your spell library contained the following spells:

 Spells                   Type           Power      Damage    Failure   Level
 Sting                    Conj/Alch      8%         1d3       19%         1
 Summon Small Mammal      Summ           8%         N/A       19%         1
 Animate Dead             Necr           19%        N/A       22%         4
 Mercury Vapours          Alch/Air       4%         N/A       26%         2
 Call Canine Familiar     Summ           2%         N/A       47%         3
 Olgreb's Toxic Radiance  Alch           2%         N/A       87%         4
 Summon Blazeheart Golem  Fire/Summ      2%         N/A       87%         4
 Curse of Agony           Necr           19%        N/A       54%         5
 Freezing Cloud           Conj/Ice/Air   1%         6-21      99%         5
 Polar Vortex             Ice            1%         N/A       100%        9


Dungeon Overview and Level Annotations

Branches:
Dungeon (4/15)
 Temple: D:4-7

Altars:
Hepliaklqana
Okawaru

Annotations:
D:2 Sigmund
D:4 Dowan, Duvessa


Innate Abilities, Weirdness & Mutations

You have large cloven feet.
You are partially covered in sharp spines.


Message History

Your ball python skeleton bites the goblin.
Your ball python skeleton completely misses the goblin.
Casting: Necrotise (safe; 2% risk of failure)
Confirm with . or Enter, or press ? or * to list all spells.
Aiming: Necrotise (safe; 2% risk of failure)
Press: ? - help, Shift-Dir - straight line, f - goblin
Aim: a goblin, wielding a +0 club (strong, chance to affect: 89%)
The goblin writhes in agony.
The hobgoblin hits your ball python skeleton!
Your ball python skeleton is destroyed!
Dowan casts a spell at something.
The goblin attacks as it pursues you! The goblin is struck by your spines.
You kill the goblin!
The hobgoblin no longer looks unusually strong.
Duvessa says, "My weaknesses are his strengths!"
There is a stone staircase leading down here.
Duvessa barely misses you.
The hobgoblin attacks as it pursues you!
The hobgoblin is struck by your spines. The hobgoblin closely misses you.
Duvessa says, "I don't care about looks, I care about technique!"
Duvessa says, "My weaknesses are his strengths!"
Duvessa hits you with a +0 short sword! Duvessa attacks as she pursues you!
Duvessa closely misses you. Duvessa attacks as she pursues you!
Duvessa hits you with a +0 short sword. x2
The hobgoblin attacks as it pursues you!
The hobgoblin is struck by your spines. The hobgoblin barely misses you.
Duvessa attacks as she pursues you! Duvessa hits you with a +0 short sword!
* * * LOW HITPOINT WARNING * * *
Duvessa barely misses you.
Casting: Necrotise (safe; 2% risk of failure)
Confirm with . or Enter, or press ? or * to list all spells.
Okay, then.
Casting: Vampiric Draining (quite dangerous; 7% risk of failure)
Confirm with . or Enter, or press ? or * to list all spells.
Aiming: Vampiric Draining (quite dangerous; 7% risk of failure)
Press: ? - help, Shift-Dir - straight line, f - Duvessa
Aim: Duvessa, wielding a +0 short sword and wearing a +0 chain mail (fast)
You draw life force from Duvessa.
You feel life coursing into your body. Duvessa hits you with a +0 short sword!
You die...

..##..##.....# ###....#####
.......#.###.###..^...##..####
.........#.....##.##.##......#
#........#.........#.........##
#.##......##......##..#.......###
...#..............##..#........#.
...............g.###.............
..............#e......<...###....
.###........###.@<....)..##......
.# #.........###.........##.....#
.#..........####............##.##
...##.....#####.......[.....##...
#..##.#...###.#..#..............W
#................###.......####.#
# . .....######........##.## ##
#... ####.............. ..
##..##.................


You could see Duvessa (fast) and a hobgoblin.

Vanquished Creatures
  3 adders
  2 ribbon worms
  3 dart slugs
  2 orcs (D:4)
  4 endoplasms
  6 goblins
  8 hobgoblins
  6 jackals
  4 kobolds
  3 quokkas
  7 ball pythons
  4 bats
  4 frilled lizards
  5 rats
61 creatures vanquished.

Vanquished Creatures (collateral kills)
  A goblin (D:4)
  A rat (D:1)
2 creatures vanquished.

Grand Total: 63 creatures vanquished

Notes
Turn   | Place    | Note
-------+----------+-------------------------------------------
     0 | D:1      | PaiMei the Demonspawn Necromancer began the quest for the
                  | Orb.
     0 | D:1      | Reached XP level 1. HP: 13/13 MP: 3/3
   171 | D:1      | Gained mutation: You are partially covered in sharp spines.
                  | [demonic ancestry]
   171 | D:1      | Reached XP level 2. HP: 14/19 MP: 0/5
   746 | D:1      | Gained mutation: You have large cloven feet. [demonic
                  | ancestry]
   746 | D:1      | Reached XP level 3. HP: 24/24 MP: 1/6
   750 | D:1      | Learned a level 3 spell: Vampiric Draining
  1000 | D:2      | Noticed Sigmund
  1355 | D:2      | Found a faded altar of an unknown god.
  1477 | D:2      | Got Sif Muna's Handbook of Algor
  1760 | D:2      | Reached skill level 1 in Fighting
  1766 | D:2      | Reached XP level 4. HP: 31/32 MP: 0/7
  2180 | D:3      | Found the amulet of Elemental Vulnerability {rPois rF--
                  | rC-- AC+8}
  2536 | D:3      | Found an iron altar of Okawaru.
  2682 | D:3      | Found a hazy altar of Hepliaklqana.
  2980 | D:4      | Noticed a phantom
  3174 | D:4      | Reached skill level 5 in Necromancy
  3305 | D:4      | Noticed Dowan
  3307 | D:4      | Noticed Duvessa
  3347 | D:4      | Slain by Duvessa

Illustrated notes

Levels and vault maps discovered:
D:1:      roderic_chinese_lattice_arrival, layout_basic
D:2:      layout_rooms, hellmonk_ecumenical_altar_zigzags, uniq_sigmund
D:3:      layout_loops_ring, nzn_hepliaklqana_mist_gate,
          kennysheep_okawaru_gauntlet
D:4:      layout_cave_pools, mainiacjoe_overflow_24_doors, uniq_duvessa,
          uniq_robin

Skill      XL: |  1  2  3  4 |
---------------+-------------+-----
Dodging        | 2 |  2.6
Stealth        | 2 |  2.3
Fighting       | 1 |  1.5
Necromancy     | 5 |  5.0
Spellcasting   | |  2.7

Action                     |  1- 3 |  4- 6 || total
---------------------------+-------+-------++-------
  Melee: Hand axe          |    18 |       ||    18
         Kick              |     1 |       ||     1
   Cast: Necrotise         |    65 |    41 ||   106
         Vampiric Draining |       |     1 ||     1
 Armour: Robe              |    22 |    14 ||    36
  Dodge: Dodged            |    24 |     7 ||    31
